Map: Oxide LE

Players

BlyOnFire (Bly)

  • Race: Zerg Zerg

ShaDoWn - Winner!

  • Race: Protoss Protoss
  • League: Grandmaster

Event: DreamHack SC2 Masters 2021 Summer

VOD

Have the link to the VOD?

Description

Time

  • Played on: May 28, 2021, 1:20 p.m.
  • Length: 7:00

All games in this series

Show
View Real Time Build Order
Export as new Build Order

BlyOnFire Zerg 

Build Orders: Hatch First 

Get SALT Encoding   

  12  0:00  Drone  
  13  0:13  Overlord  
  13  0:17  Drone  
  14  0:31  Drone x2  
  16  0:43  Drone  
  17  0:54  Hatchery  
  16  0:59  Drone  
  17  1:16  Drone x2  
  19  1:23  Spawning Pool  
  18  1:27  Extractor  
  18  1:31  Drone x2  
  19  1:44  Drone  
  20  1:55  Drone  
  21  2:04  Hatchery  
  20  2:10  Queen  
  20  2:13  Zergling x2  
  23  2:16  Queen  
  25  2:24  Drone x2  
  25  2:27  Drone  
  28  2:33  Overlord  
  28  2:40  Metabolic Boost  
  27  2:57  Queen  
  29  3:00  Drone x4  
  29  3:04  Drone  
  29  3:05  Drone  
  35  3:11  Overlord  
  35  3:20  Overlord  
  35  3:29  Queen, Overlord  
  35  3:32  Drone x4  
  41  3:40  Drone x4  
  45  3:48  Zergling x6  
  48  3:53  Overlord  
  48  4:06  Zergling x8  
  52  4:19  Zergling x10  
  52  4:24  Roach Warren  
  56  4:26  Zergling x2  
  56  4:27  Zergling x8  
  56  4:29  Spore Crawler  
  58  4:39  Zergling x12  
  64  4:47  Overlord  
  64  4:49  Overlord  
  64  4:50  Overlord  
  64  4:52  Overlord  
  63  4:53  Overlord  
  63  4:56  Overlord x2  
  63  4:59  Overlord  
  47  5:09  Zergling x10  
  45  5:16  Roach x2  
  46  5:21  Roach  
  46  5:26  Roach x2  
  46  5:33  Roach  
  42  5:45  Roach x2  
  42  5:48  Zergling x2  
  35  5:54  Drone  
  35  5:55  Drone  
  35  6:03  Ravager  
  36  6:10  Spore Crawler  
  35  6:12  Drone x3  
  35  6:15  Drone  
  39  6:23  Drone  
  41  6:32  Drone  
  41  6:33  Drone x4  
  41  6:38  Zergling x4  
Show
View Real Time Build Order
Export as new Build Order

ShaDoWn Protoss - Winner!

Build Orders: 1 Gate Expand, Mass Adepts 

Get SALT Encoding   

  12  0:00  Probe  
  13  0:12  Probe  
  14  0:19  Pylon  
  14  0:24  Probe  
  15  0:37  Probe (Chrono Boost)  
  15  0:40  Gateway  
  16  0:47  Probe (Chrono Boost)  
  17  0:52  Probe (Chrono Boost)  
  18  1:13  Nexus  
  18  1:18  Assimilator  
  18  1:22  Probe  
  19  1:33  Cybernetics Core  
  19  1:37  Assimilator  
  19  1:41  Probe (Chrono Boost)  
  20  1:50  Pylon  
  20  1:51  Probe (Chrono Boost)  
  21  1:56  Probe (Chrono Boost)  
  22  2:07  Probe, Adept (Chrono Boost)  
  25  2:20  Warp Gate  
  25  2:22  Probe (Chrono Boost)  
  26  2:25  Probe (Chrono Boost)  
  26  2:29  Stalker  
  29  2:35  Probe (Chrono Boost)  
  29  2:36  Probe (Chrono Boost)  
  31  2:40  Probe (Chrono Boost)  
  31  2:43  Twilight Council  
  31  2:44  Probe  
  33  2:52  Probe  
  33  2:56  Probe  
  35  3:01  Robotics Facility  
  35  3:04  Probe  
  36  3:12  Gateway  
  37  3:19  Resonating Glaives (Chrono Boost)  
  36  3:21  Gateway x2  
  36  3:25  Probe  
  38  3:27  Probe  
  38  3:29  Adept  
  40  3:37  Probe  
  40  3:39  Probe  
  40  3:40  Pylon  
  42  3:45  Warp Prism (Chrono Boost)  
  44  3:49  Probe  
  44  3:51  Probe  
  46  3:58  Pylon  
  46  4:01  Probe  
  47  4:03  Probe  
  48  4:13  Probe  
  48  4:16  Adept x2  
  53  4:17  Adept  
  53  4:18  Adept  
  53  4:19  Pylon  
  57  4:24  Probe  
  57  4:26  Assimilator  
  57  4:27  Observer, Assimilator  
  60  4:33  Pylon  
  60  4:38  Adept x3  
  63  4:39  Adept  
  63  4:44  Probe  
  68  4:49  Pylon  
  68  5:00  Adept x4  
  68  5:06  Warp Prism  
  75  5:14  Probe x2, Robotics Bay  
  70  5:26  Probe  
  70  5:27  Probe, Adept x4  
  80  5:38  Probe  
  80  5:42  Probe  
  76  6:00  Probe, Disruptor (Chrono Boost)  
  76  6:01  Probe  
  81  6:10  Nexus  
  81  6:12  Adept x2  
  81  6:16  Pylon  
  85  6:19  Pylon  
  85  6:22  Probe  
  86  6:25  Pylon  
  85  6:37  Adept x2  
  85  6:39  Adept x2  
  96  6:41  Probe  
  96  6:44  Probe  
Tags
 
Add a new tag
Caveats
  • Supply blocks, unpowered buildings, or Contaminate may cause inaccurate times.
  • Supply counts are checked every 10 seconds.